Islanders vs Devils

Created - 29 mars 2018 at 16:22

Goals
1 2 3 T
Islanders 0 0 1 1
Devils 0 1 2 3
Shots
1 2 3 T
Islanders 4 10 5 19
Devils 9 5 7 21

1st period

No Goal

Penalties :
Tyler Bozak (NYI) for Hooking (Minor) at 3:14, Scott Wilson (NJD) for High sticking (Minor) at 5:35

2nd period

1. Devils , Ales Hemsky 10 (Adam Pardy 8, Scott Wilson 9) at 2:23

Penalties :
Jordan Staal (NJD) for Tripping (Minor) at 5:23

3rd period

2. Devils , Darren Helm 14 (Shayne Gostisbehere 21) at 2:05 (PP)
3. Islanders , Tyler Bozak 22 (Corey Perry 37) at 10:12
4. Devils , Drew Stafford 9 (Justin Schultz 28, Chris Terry 4) at 19:40 (Empty Net)

Penalties :
Luca Sbisa (NYI) for Tripping (Minor) at 0:49, Anthony DeAngelo (NYI) for Tripping (Minor) at 1:31

Goalie Stats

Ondrej Pavelec (NYI), 18 saves from 20 shots - (0.900), L, 8-13-3, 59:20 minutes
Michal Neuvirth (NJD), 18 saves from 19 shots - (0.947), W, 15-47-6, 60:00 minutes

Players Stats for Islanders

Player Name              G  A  P  +/- PIM S  H  SB GA TA FO     MP     PP MP  PK MP  
------------------------------------------------------------------------------------
Anthony DeAngelo         0  0  0   0  2   0  0  1  0  0  0/0    17:35   0:00   0:51 
Bobby Ryan               0  0  0   0  0   0  0  0  0  0  0/2    12:23   0:00   0:00 
Brian Boyle              0  0  0   0  0   2  0  0  0  0  1/4    18:28   1:52   1:46 
Chris Butler             0  0  0   0  0   0  0  2  0  0  0/0    17:50   1:54   0:26 
Colin Wilson             0  0  0  -1  0   3  0  0  0  0  0/1    15:06   1:54   0:00 
Corey Perry              0  1  1   0  0   1  3  0  0  0  2/2    19:54   2:04   3:00 
Erik Johnson             0  0  0  -1  0   1  2  3  0  0  0/0    23:51   1:54   2:30 
Josh Anderson            0  0  0  -1  0   1  1  0  0  0  0/1    12:56   0:00   0:23 
Josh Jooris              0  0  0  -1  0   0  0  0  0  0  2/9    12:33   0:00   0:00 
Lars Eller               0  0  0   0  0   6  0  0  0  0  8/15   16:40   1:54   2:23 
Luca Sbisa               0  0  0   0  2   1  6  0  0  0  0/0    21:41   2:04   1:46 
Mark Fayne               0  0  0   0  0   0  1  2  0  0  0/0    19:24   2:04   2:10 
Matt Read                0  0  0   0  0   0  1  0  0  0  0/0    11:59   0:00   0:00 
Patrick Sharp            0  0  0   0  0   0  2  0  0  0  1/3    16:36   1:54   1:14 
Steven Santini           0  0  0  -1  0   0  1  1  0  0  0/0    17:30   0:00   1:36 
Tom Kuhnhackl            0  0  0   0  0   2  1  0  0  0  0/1    11:36   0:00   0:00 
Tyler Bozak              1  0  1   0  2   2  0  0  0  0  8/16   16:53   2:04   0:00 
Zack Kassian             0  0  0   0  0   0  4  0  0  0  1/5    11:48   0:12   0:00 

Players Stats for Devils

Player Name              G  A  P  +/- PIM S  H  SB GA TA FO     MP     PP MP  PK MP  
------------------------------------------------------------------------------------
Adam Pardy               0  1  1   1  0   0  1  2  0  0  0/0    15:05   0:00   0:00 
Ales Hemsky              1  0  1   1  0   3  1  0  0  0  1/1    14:00   0:00   0:00 
Anton Stralman           0  0  0  -1  0   1  1  2  0  0  0/0    24:37   2:45   2:05 
Boyd Gordon              0  0  0   0  0   1  0  0  0  0  11/15  14:50   0:00   0:55 
Chris Terry              0  1  1   1  0   0  0  0  0  0  0/2    10:27   0:00   0:34 
Darren Helm              1  0  1   0  0   3  2  0  0  0  4/8    19:47   1:55   1:53 
Dougie Hamilton          0  0  0   0  0   0  2  0  0  0  0/0    21:09   1:55   1:53 
Drew Stafford            1  0  1   0  0   2  0  0  0  0  0/1    18:06   1:55   0:00 
Dustin Brown             0  0  0   0  0   1  0  0  0  0  0/0    18:29   2:45   2:35 
Jakub Kindl              0  0  0   1  0   1  0  1  0  0  0/0     9:43   0:00   0:00 
Jordan Staal             0  0  0   1  2   2  8  1  0  0  17/24  23:57   2:45   1:10 
Justin Schultz           0  1  1   0  0   4  1  1  0  0  0/0    20:00   2:45   2:05 
Mike Cammalleri          0  0  0   0  0   0  0  0  0  0  0/0    16:43   2:45   0:49 
Nikolay Kulemin          0  0  0   0  0   2  0  0  0  0  1/1    16:43   1:55   0:00 
Pavel Zacha              0  0  0   0  0   0  0  1  0  0  2/6     9:22   0:00   0:00 
Scott Wilson             0  1  1   0  2   0  0  0  0  0  0/1    13:36   0:00   0:00 
Shayne Gostisbehere      0  1  1   0  0   1  1  0  0  0  0/0    20:33   1:55   1:53 
Steven Kampfer           0  0  0   1  0   0  1  0  0  0  0/0     8:53   0:00   0:00 

3 Stars

1 - Ales Hemsky (NJD)
2 - Darren Helm (NJD)
3 - Drew Stafford (NJD)

Power Play

Islanders - 0 on 2 Attempt(s) - 0.00%
Devils - 1 on 3 Attempt(s) - 33.33%

Penalty Kill

Islanders - 2 on 3 Attempt(s) - 66.67% - Score 0 goal in Penalty Kill
Devils - 2 on 2 Attempt(s) - 100.00% - Score 0 goal in Penalty Kill

Team Stat

Islanders - Hits : 22 - Faceoff Wins : 23 - Blocked Shots : 9 - Penalty Minutes : 6
Devils - Hits : 18 - Faceoff Wins : 36 - Blocked Shots : 8 - Penalty Minutes : 4

Official

Referees : Tom Kowal and Evgeny Romasko
Linesman : Jay Sharrers and David Brisebois

Game Notes

Jakub Kindl is injured at 19:38 of 2nd period (Bruised Right Arm)
Drew Stafford has scored in a empty net!

Finance

Level 1 -- Attendance: 5590 (93.17%) -- Ticket Income 626 080 $
Level 2 -- Attendance: 4414 (88.28%) -- Ticket Income 357 534 $
Level 3 -- Attendance: 2000 (100.00%) -- Ticket Income 160 000 $
Level 4 -- Attendance: 3064 (84.52%) -- Ticket Income 45 960 $
Luxury Box -- Attendance: 1000 (100.00%) -- Ticket Income 195 000 $
Game was played at the Prudential Center.
Total Attendance: 16068 (91.17%)
Total Ticket Income: 1 384 574 $
Other Income: 207 686 $
Total Income: 1 592 260 $

% Time on Ice - Islanders

Lines # - Real PCT - Wanted PCT - Time Play
Normal Forward
1 - 28% - 40% - 14:24
2 - 24% - 30% - 12:23
3 - 25% - 20% - 12:33
4 - 23% - 10% - 11:36
Normal Defense
1 - 27% - 40% - 13:54
2 - 32% - 30% - 16:13
3 - 29% - 20% - 14:56
4 - 12% - 10% - 5:53
PP Forward
1 - 52% - 60% - 2:04
2 - 48% - 40% - 1:54
PP Defense
1 - 48% - 60% - 1:54
2 - 52% - 40% - 2:04
PK Forward
1 - 71% - 60% - 2:55
2 - 29% - 40% - 1:11
PK Defense
1 - 50% - 60% - 2:04
2 - 50% - 40% - 2:02
PK3 Forward
1 - 76% - 60% - 0:26
2 - 24% - 40% - 0:08
PK3 Defense
1 - 76% - 60% - 0:26
2 - 24% - 40% - 0:08
44 Forward
1 - 0% - 60%
2 - 0% - 40%
44 Defense
1 - 0% - 60%
2 - 0% - 40%
Last Minute Offensive  - 0:26
Last Minute Defensive  - 0:00
Total
Forward - 60:00
Defense - 60:00

% Time on Ice - Devils

Lines # - Real PCT - Wanted PCT - Time Play
Normal Forward
1 - 26% - 40% - 13:09
2 - 29% - 30% - 14:48
3 - 27% - 20% - 13:37
4 - 18% - 10% - 9:22
Normal Defense
1 - 28% - 40% - 14:25
2 - 32% - 30% - 16:03
3 - 31% - 20% - 15:58
4 - 9% - 10% - 4:30
PP Forward
1 - 59% - 60% - 2:45
2 - 41% - 40% - 1:55
PP Defense
1 - 59% - 60% - 2:45
2 - 41% - 40% - 1:55
PK Forward
1 - 79% - 60% - 3:09
2 - 21% - 40% - 0:49
PK Defense
1 - 53% - 60% - 2:05
2 - 47% - 40% - 1:53
PK3 Forward
1 - 0% - 60%
2 - 0% - 40%
PK3 Defense
1 - 0% - 60%
2 - 0% - 40%
44 Forward
1 - 0% - 60%
2 - 0% - 40%
44 Defense
1 - 0% - 60%
2 - 0% - 40%
Last Minute Offensive  - 0:00
Last Minute Defensive  - 0:26
Total
Forward - 60:00
Defense - 60:00

Play by Play

1st period


0:01 of 1st period - Jordan Staal wins face-off versus Tyler Bozak in neutral zone.
0:30 of 1st period - Shot by Tyler Bozak.
0:30 of 1st period - Shot Misses the Net.
1:02 of 1st period - Shot by Drew Stafford.
1:02 of 1st period - Stopped by Ondrej Pavelec without a rebound.
1:03 of 1st period - Boyd Gordon wins face-off versus Josh Jooris in Islanders zone.
1:03 of 1st period - Boyd Gordon is hit by Steven Santini.
1:05 of 1st period - Shot by Ales Hemsky.
1:05 of 1st period - Stopped by Ondrej Pavelec without a rebound.
1:06 of 1st period - Boyd Gordon wins face-off versus Josh Jooris in Islanders zone.
3:05 of 1st period - Shot by Chris Terry.
3:05 of 1st period - Shot Blocked by Mark Fayne.
3:07 of 1st period - Shot by Anton Stralman.
3:07 of 1st period - Stopped by Ondrej Pavelec without a rebound.
3:08 of 1st period - Corey Perry wins face-off versus Boyd Gordon in Islanders zone.
3:14 of 1st period - Minor Penalty to Tyler Bozak for Hooking.
3:15 of 1st period - Jordan Staal wins face-off versus Lars Eller in Islanders zone.
3:42 of 1st period - Shot by Justin Schultz.
3:42 of 1st period - Shot Misses the Net.
3:44 of 1st period - Shot by Anton Stralman.
3:44 of 1st period - Shot Misses the Net.
4:15 of 1st period - Shot by Darren Helm.
4:15 of 1st period - Stopped by Ondrej Pavelec without a rebound.
4:16 of 1st period - Nikolay Kulemin wins face-off versus Brian Boyle in Islanders zone.
4:32 of 1st period - Shot by Dougie Hamilton.
4:32 of 1st period - Shot Misses the Net.
4:34 of 1st period - Shot by Nikolay Kulemin.
4:34 of 1st period - Stopped by Ondrej Pavelec without a rebound.
4:35 of 1st period - Jordan Staal wins face-off versus Lars Eller in Islanders zone.
4:38 of 1st period - Shot by Justin Schultz.
4:38 of 1st period - Stopped by Ondrej Pavelec without a rebound.
4:39 of 1st period - Jordan Staal wins face-off versus Lars Eller in Islanders zone.
4:56 of 1st period - Shot by Corey Perry.
4:56 of 1st period - Shot Misses the Net.
4:59 of 1st period - Icing by Anton Stralman.
5:00 of 1st period - Lars Eller wins face-off versus Jordan Staal in Devils zone.
5:20 of 1st period - Ales Hemsky is hit by Erik Johnson.
5:35 of 1st period - Minor Penalty to Scott Wilson for High sticking.
5:36 of 1st period - Jordan Staal wins face-off versus Tyler Bozak in Devils zone.
5:36 of 1st period - Jordan Staal is hit by Corey Perry.
7:31 of 1st period - Shot by Patrick Sharp.
7:31 of 1st period - Shot Misses the Net.
7:33 of 1st period - Shot by Chris Butler.
7:33 of 1st period - Shot Misses the Net.
7:35 of 1st period - Shot by Lars Eller.
7:35 of 1st period - Shot Blocked by Adam Pardy.
7:40 of 1st period - Adam Pardy is hit by Zack Kassian and loses puck.
8:03 of 1st period - Tom Kuhnhackl is hit by Ales Hemsky and loses puck.
8:16 of 1st period - Anton Stralman is hit by Matt Read and loses puck.
8:33 of 1st period - Shot by Colin Wilson.
8:33 of 1st period - Stopped by Michal Neuvirth without a rebound.
8:34 of 1st period - Lars Eller wins face-off versus Chris Terry in Devils zone.
8:37 of 1st period - Shot by Bobby Ryan.
8:37 of 1st period - Shot Misses the Net.
8:40 of 1st period - Icing by Anton Stralman.
8:41 of 1st period - Pavel Zacha wins face-off versus Bobby Ryan in Devils zone.
9:54 of 1st period - Off-side.
9:55 of 1st period - Boyd Gordon wins face-off versus Tyler Bozak in neutral zone.
10:01 of 1st period - Jakub Kindl is hit by Luca Sbisa.
10:05 of 1st period - Shot by Scott Wilson.
10:05 of 1st period - Shot Misses the Net.
10:17 of 1st period - Jakub Kindl is hit by Corey Perry and loses puck.
10:44 of 1st period - Shot by Darren Helm.
10:44 of 1st period - Stopped by Ondrej Pavelec without a rebound.
10:45 of 1st period - Darren Helm wins face-off versus Bobby Ryan in Islanders zone.
11:24 of 1st period - Shot by Zack Kassian.
11:24 of 1st period - Shot Misses the Net.
11:40 of 1st period - Shot by Tom Kuhnhackl.
11:40 of 1st period - Stopped by Michal Neuvirth without a rebound.
11:41 of 1st period - Josh Jooris wins face-off versus Jordan Staal in Devils zone.
12:51 of 1st period - Icing by Justin Schultz.
12:52 of 1st period - Boyd Gordon wins face-off versus Brian Boyle in Devils zone.
12:59 of 1st period - Shot by Justin Schultz.
12:59 of 1st period - Stopped by Ondrej Pavelec without a rebound.
13:00 of 1st period - Tyler Bozak wins face-off versus Pavel Zacha in Islanders zone.
13:29 of 1st period - Shot by Tyler Bozak.
13:29 of 1st period - Deflect By Brian Boyle.
13:29 of 1st period - Stopped by Michal Neuvirth with a rebound.
14:18 of 1st period - Shot by Lars Eller.
14:18 of 1st period - Shot Blocked by Anton Stralman.
14:47 of 1st period - Shot by Matt Read.
14:47 of 1st period - Shot Misses the Net.
14:49 of 1st period - Shot by Tom Kuhnhackl.
14:49 of 1st period - Stopped by Michal Neuvirth without a rebound.
14:50 of 1st period - Jordan Staal wins face-off versus Josh Jooris in Devils zone.
15:28 of 1st period - Zack Kassian is hit by Jordan Staal and loses puck.
15:45 of 1st period - Shot by Ales Hemsky.
15:45 of 1st period - Shot Blocked by Chris Butler.
15:47 of 1st period - Shot by Shayne Gostisbehere.
15:47 of 1st period - Shot Blocked by Chris Butler.
15:49 of 1st period - Shot by Boyd Gordon.
15:49 of 1st period - Shot Misses the Net.
16:07 of 1st period - Shot by Ales Hemsky.
16:07 of 1st period - Stopped by Ondrej Pavelec with a rebound.
16:34 of 1st period - Erik Johnson is hit by Jordan Staal and loses puck.
16:46 of 1st period - Tyler Bozak is hit by Steven Kampfer and loses puck.
17:04 of 1st period - Mark Fayne is hit by Jordan Staal and loses puck.
Goals for this period are 0 for Islanders vs 0 for Devils.
Shots for this period are 4 for Islanders vs 9 for Devils.

2nd period


0:01 of 2nd period - Jordan Staal wins face-off versus Tyler Bozak in neutral zone.
0:10 of 2nd period - Shot by Dustin Brown.
0:10 of 2nd period - Shot Misses the Net.
0:15 of 2nd period - Tyler Bozak is hit by Jordan Staal and loses puck.
1:11 of 2nd period - Shot by Patrick Sharp.
1:11 of 2nd period - Deflect By Lars Eller.
1:11 of 2nd period - Stopped by Michal Neuvirth with a rebound.
1:40 of 2nd period - Matt Read is hit by Dougie Hamilton and loses puck.
1:56 of 2nd period - Tom Kuhnhackl is hit by Dougie Hamilton and loses puck.
2:23 of 2nd period - Shot by Ales Hemsky.
2:23 of 2nd period - Goal by Ales Hemsky - Islanders : 0 - Devils : 1.
2:24 of 2nd period - Tyler Bozak wins face-off versus Pavel Zacha in neutral zone.
2:30 of 2nd period - Icing by Adam Pardy.
2:31 of 2nd period - Pavel Zacha wins face-off versus Tyler Bozak in Devils zone.
2:31 of 2nd period - Pavel Zacha is hit by Corey Perry.
2:54 of 2nd period - Pavel Zacha is hit by Luca Sbisa and loses puck.
4:24 of 2nd period - Icing by Steven Santini.
4:25 of 2nd period - Darren Helm wins face-off versus Patrick Sharp in Islanders zone.
4:50 of 2nd period - Shot by Nikolay Kulemin.
4:50 of 2nd period - Stopped by Ondrej Pavelec without a rebound.
4:51 of 2nd period - Boyd Gordon wins face-off versus Josh Jooris in Islanders zone.
4:52 of 2nd period - Shot by Scott Wilson.
4:52 of 2nd period - Shot Blocked by Mark Fayne.
4:54 of 2nd period - Shot by Jakub Kindl.
4:54 of 2nd period - Stopped by Ondrej Pavelec with a rebound.
5:09 of 2nd period - Ales Hemsky is hit by Mark Fayne and loses puck.
5:14 of 2nd period - Shot by Boyd Gordon.
5:14 of 2nd period - Stopped by Ondrej Pavelec without a rebound.
5:15 of 2nd period - Jordan Staal wins face-off versus Zack Kassian in Islanders zone.
5:23 of 2nd period - Minor Penalty to Jordan Staal for Tripping.
5:24 of 2nd period - Boyd Gordon wins face-off versus Patrick Sharp in Devils zone.
5:50 of 2nd period - Shot by Colin Wilson.
5:50 of 2nd period - Stopped by Michal Neuvirth without a rebound.
5:51 of 2nd period - Tyler Bozak wins face-off versus Boyd Gordon in Devils zone.
6:18 of 2nd period - Shot by Luca Sbisa.
6:18 of 2nd period - Stopped by Michal Neuvirth without a rebound.
6:19 of 2nd period - Boyd Gordon wins face-off versus Lars Eller in Devils zone.
6:19 of 2nd period - Boyd Gordon is hit by Patrick Sharp.
6:41 of 2nd period - Icing by Chris Butler.
6:42 of 2nd period - Patrick Sharp wins face-off versus Boyd Gordon in Islanders zone.
7:10 of 2nd period - Shot by Corey Perry.
7:10 of 2nd period - Stopped by Michal Neuvirth without a rebound.
7:11 of 2nd period - Corey Perry wins face-off versus Darren Helm in Devils zone.
8:25 of 2nd period - Patrick Sharp is hit by Adam Pardy and loses puck.
8:38 of 2nd period - Shot by Colin Wilson.
8:38 of 2nd period - Shot Blocked by Adam Pardy.
8:48 of 2nd period - Shot by Colin Wilson.
8:48 of 2nd period - Shot Misses the Net.
8:50 of 2nd period - Shot by Luca Sbisa.
8:50 of 2nd period - Shot Misses the Net.
8:52 of 2nd period - Shot by Josh Anderson.
8:52 of 2nd period - Stopped by Michal Neuvirth without a rebound.
8:53 of 2nd period - Tyler Bozak wins face-off versus Jordan Staal in Devils zone.
8:56 of 2nd period - Shot by Corey Perry.
8:56 of 2nd period - Shot Blocked by Justin Schultz.
9:35 of 2nd period - Jordan Staal is hit by Zack Kassian.
9:41 of 2nd period - Matt Read is hit by Jordan Staal and loses puck.
9:49 of 2nd period - Icing by Luca Sbisa.
9:50 of 2nd period - Zack Kassian wins face-off versus Scott Wilson in Islanders zone.
10:42 of 2nd period - Shot by Jordan Staal.
10:42 of 2nd period - Deflect By Chris Terry.
10:42 of 2nd period - Shot Misses the Net.
10:46 of 2nd period - Shot by Chris Terry.
10:46 of 2nd period - Shot Misses the Net.
11:18 of 2nd period - Shot by Tyler Bozak.
11:18 of 2nd period - Stopped by Michal Neuvirth without a rebound.
11:19 of 2nd period - Tyler Bozak wins face-off versus Darren Helm in Devils zone.
11:22 of 2nd period - Shot by Corey Perry.
11:22 of 2nd period - Shot Blocked by Anton Stralman.
11:24 of 2nd period - Shot by Brian Boyle.
11:24 of 2nd period - Stopped by Michal Neuvirth with a rebound.
12:17 of 2nd period - Shot by Bobby Ryan.
12:17 of 2nd period - Shot Misses the Net.
12:19 of 2nd period - Shot by Lars Eller.
12:19 of 2nd period - Stopped by Michal Neuvirth without a rebound.
12:20 of 2nd period - Jordan Staal wins face-off versus Josh Jooris in Devils zone.
13:14 of 2nd period - Shot by Bobby Ryan.
13:14 of 2nd period - Shot Blocked by Jordan Staal.
13:16 of 2nd period - Shot by Lars Eller.
13:16 of 2nd period - Stopped by Michal Neuvirth without a rebound.
13:17 of 2nd period - Boyd Gordon wins face-off versus Tyler Bozak in Devils zone.
13:59 of 2nd period - Corey Perry is hit by Justin Schultz and loses puck.
14:34 of 2nd period - Shot by Darren Helm.
14:34 of 2nd period - Shot Blocked by Erik Johnson.
14:46 of 2nd period - Shot by Dougie Hamilton.
14:46 of 2nd period - Shot Blocked by Erik Johnson.
15:27 of 2nd period - Shot by Ales Hemsky.
15:27 of 2nd period - Shot Misses the Net.
15:43 of 2nd period - Shot by Dustin Brown.
15:43 of 2nd period - Deflect By Jordan Staal.
15:43 of 2nd period - Stopped by Ondrej Pavelec without a rebound.
15:44 of 2nd period - Jordan Staal wins face-off versus Lars Eller in Islanders zone.
15:44 of 2nd period - Jordan Staal is hit by Luca Sbisa.
17:05 of 2nd period - Off-side.
17:06 of 2nd period - Boyd Gordon wins face-off versus Zack Kassian in neutral zone.
17:21 of 2nd period - Scott Wilson is hit by Zack Kassian and loses puck.
18:17 of 2nd period - Icing by Pavel Zacha.
18:18 of 2nd period - Josh Jooris wins face-off versus Pavel Zacha in Devils zone.
18:34 of 2nd period - Off-side.
18:35 of 2nd period - Jordan Staal wins face-off versus Josh Jooris in neutral zone.
19:06 of 2nd period - Icing by Luca Sbisa.
19:07 of 2nd period - Ales Hemsky wins face-off versus Josh Anderson in Islanders zone.
19:07 of 2nd period - Ales Hemsky is hit by Luca Sbisa.
19:18 of 2nd period - Icing by Adam Pardy.
19:19 of 2nd period - Lars Eller wins face-off versus Boyd Gordon in Devils zone.
19:34 of 2nd period - Shot by Lars Eller.
19:34 of 2nd period - Stopped by Michal Neuvirth with a rebound.
19:36 of 2nd period - Shot by Bobby Ryan.
19:36 of 2nd period - Shot Misses the Net.
19:38 of 2nd period - Shot by Lars Eller.
19:38 of 2nd period - Shot Blocked by Jakub Kindl.
19:38 of 2nd period - Jakub Kindl from Devils is injured at 19:38 of 2nd period (Bruised Right Arm).
19:39 of 2nd period - Jordan Staal wins face-off versus Zack Kassian in Devils zone.
19:45 of 2nd period - Icing by Mike Cammalleri.
19:46 of 2nd period - Jordan Staal wins face-off versus Zack Kassian in Devils zone.
19:53 of 2nd period - Tom Kuhnhackl is hit by Jordan Staal.
Goals for this period are 0 for Islanders vs 1 for Devils.
Shots for this period are 10 for Islanders vs 5 for Devils.

3rd period


0:01 of 3rd period - Jordan Staal wins face-off versus Tyler Bozak in neutral zone.
0:16 of 3rd period - Shot by Dustin Brown.
0:16 of 3rd period - Stopped by Ondrej Pavelec without a rebound.
0:17 of 3rd period - Lars Eller wins face-off versus Darren Helm in Islanders zone.
0:17 of 3rd period - Lars Eller is hit by Darren Helm.
0:40 of 3rd period - Nikolay Kulemin is hit by Luca Sbisa.
0:49 of 3rd period - Minor Penalty to Luca Sbisa for Tripping.
0:50 of 3rd period - Lars Eller wins face-off versus Jordan Staal in Islanders zone.
1:07 of 3rd period - Shot by Justin Schultz.
1:07 of 3rd period - Stopped by Ondrej Pavelec with a rebound.
1:21 of 3rd period - Anthony DeAngelo is hit by Jordan Staal and loses puck.
1:30 of 3rd period - Shot by Justin Schultz.
1:30 of 3rd period - Shot Blocked by Anthony DeAngelo.
1:31 of 3rd period - Minor Penalty to Anthony DeAngelo for Tripping.
1:32 of 3rd period - Brian Boyle wins face-off versus Darren Helm in Islanders zone.
2:03 of 3rd period - Shot by Shayne Gostisbehere.
2:03 of 3rd period - Stopped by Ondrej Pavelec with a rebound.
2:05 of 3rd period - Shot by Darren Helm.
2:05 of 3rd period - Goal by Darren Helm - Islanders : 0 - Devils : 2.
2:06 of 3rd period - Jordan Staal wins face-off versus Lars Eller in neutral zone.
2:13 of 3rd period - Shot by Jordan Staal.
2:13 of 3rd period - Stopped by Ondrej Pavelec without a rebound.
2:14 of 3rd period - Jordan Staal wins face-off versus Lars Eller in Islanders zone.
2:15 of 3rd period - Shot by Justin Schultz.
2:15 of 3rd period - Stopped by Ondrej Pavelec without a rebound.
2:16 of 3rd period - Lars Eller wins face-off versus Jordan Staal in Islanders zone.
2:45 of 3rd period - Shot by Corey Perry.
2:45 of 3rd period - Shot Misses the Net.
2:47 of 3rd period - Shot by Lars Eller.
2:47 of 3rd period - Stopped by Michal Neuvirth with a rebound.
2:49 of 3rd period - Shot by Erik Johnson.
2:49 of 3rd period - Stopped by Michal Neuvirth without a rebound.
2:50 of 3rd period - Darren Helm wins face-off versus Brian Boyle in Devils zone.
2:50 of 3rd period - Darren Helm is hit by Patrick Sharp.
3:10 of 3rd period - Luca Sbisa is hit by Darren Helm and loses puck.
4:01 of 3rd period - Ales Hemsky is hit by Erik Johnson.
4:35 of 3rd period - Shot by Jordan Staal.
4:35 of 3rd period - Shot Hit the Post.
4:43 of 3rd period - Shot by Colin Wilson.
4:43 of 3rd period - Stopped by Michal Neuvirth without a rebound.
4:44 of 3rd period - Lars Eller wins face-off versus Pavel Zacha in Devils zone.
6:25 of 3rd period - Justin Schultz is hit by Josh Anderson and loses puck.
6:36 of 3rd period - Shot by Josh Jooris.
6:36 of 3rd period - Shot Misses the Net.
6:48 of 3rd period - Shot by Josh Jooris.
6:48 of 3rd period - Shot Misses the Net.
10:06 of 3rd period - Off-side.
10:07 of 3rd period - Tyler Bozak wins face-off versus Drew Stafford in neutral zone.
10:12 of 3rd period - Shot by Tyler Bozak.
10:12 of 3rd period - Goal by Tyler Bozak - Islanders : 1 - Devils : 2.
10:13 of 3rd period - Boyd Gordon wins face-off versus Tyler Bozak in neutral zone.
10:24 of 3rd period - Shot by Boyd Gordon.
10:24 of 3rd period - Deflect By Scott Wilson.
10:24 of 3rd period - Shot Misses the Net.
10:26 of 3rd period - Shot by Boyd Gordon.
10:26 of 3rd period - Shot Misses the Net.
11:49 of 3rd period - Icing by Bobby Ryan.
11:50 of 3rd period - Jordan Staal wins face-off versus Colin Wilson in Islanders zone.
12:55 of 3rd period - Shot by Scott Wilson.
12:55 of 3rd period - Deflect By Ales Hemsky.
12:55 of 3rd period - Shot Blocked by Steven Santini.
12:57 of 3rd period - Shot by Scott Wilson.
12:57 of 3rd period - Shot Misses the Net.
13:18 of 3rd period - Chris Terry is hit by Luca Sbisa and loses puck.
13:37 of 3rd period - Shot by Tyler Bozak.
13:37 of 3rd period - Shot Blocked by Pavel Zacha.
14:49 of 3rd period - Off-side.
14:50 of 3rd period - Boyd Gordon wins face-off versus Josh Jooris in neutral zone.
16:07 of 3rd period - Josh Jooris is hit by Anton Stralman and loses puck.
16:32 of 3rd period - Chris Terry is hit by Zack Kassian and loses puck.
16:45 of 3rd period - Shayne Gostisbehere is hit by Tom Kuhnhackl and loses puck.
17:23 of 3rd period - Shot by Ales Hemsky.
17:23 of 3rd period - Shot Misses the Net.
18:16 of 3rd period - Icing by Erik Johnson.
18:17 of 3rd period - Tyler Bozak wins face-off versus Jordan Staal in Islanders zone.
18:17 of 3rd period - Tyler Bozak is hit by Jordan Staal.
18:28 of 3rd period - Tyler Bozak is hit by Shayne Gostisbehere and loses puck.
18:56 of 3rd period - Icing by Dougie Hamilton.
18:57 of 3rd period - Lars Eller wins face-off versus Jordan Staal in Devils zone.
18:58 of 3rd period - Shot by Bobby Ryan.
18:58 of 3rd period - Shot Hit the Post.
19:00 of 3rd period - Islanders, Ondrej Pavelec is pulled from the net.
19:04 of 3rd period - Shot by Lars Eller.
19:04 of 3rd period - Shot Misses the Net.
19:06 of 3rd period - Shot by Luca Sbisa.
19:06 of 3rd period - Shot Misses the Net.
19:08 of 3rd period - Shot by Colin Wilson.
19:08 of 3rd period - Deflect By Bobby Ryan.
19:08 of 3rd period - Shot Misses the Net.
19:12 of 3rd period - Shot by Bobby Ryan.
19:12 of 3rd period - Shot Misses the Net.
19:14 of 3rd period - Shot by Lars Eller.
19:14 of 3rd period - Stopped by Michal Neuvirth without a rebound.
19:15 of 3rd period - Tyler Bozak wins face-off versus Chris Terry in Devils zone.
19:30 of 3rd period - Shot by Justin Schultz.
19:30 of 3rd period - Shot Misses the Net.
19:32 of 3rd period - Shot by Drew Stafford.
19:32 of 3rd period - Shot Misses the Net.
19:34 of 3rd period - Shot by Justin Schultz.
19:34 of 3rd period - Shot Blocked by Erik Johnson.
19:40 of 3rd period - Shot by Drew Stafford.
19:40 of 3rd period - Goal by Drew Stafford - Islanders : 1 - Devils : 3.
19:40 of 3rd period - Ondrej Pavelec from Islanders was sent back in the game.
19:41 of 3rd period - Darren Helm wins face-off versus Tom Kuhnhackl in neutral zone.
Goals for this period are 1 for Islanders vs 2 for Devils.
Shots for this period are 5 for Islanders vs 7 for Devils.